| TOP OF THE 1ST |
|
Calgary Flames batting - Pitching for Colorado Avalanche : RHP Dave Quintero
|
|
Pitching: RHP Dave Quintero
|
|
|
Batting: RHB Luis Juarez
|
0-0: Ball 1-0: Called Strike 1-1: Ground out 6-3 (Groundball, 6, EV 91.9 MPH)
|
|
Batting: RHB Brent Stewart
|
0-0: Called Strike 0-1: Ball 1-1: Ball 2-1: Ball 3-1: Foul Ball, location: 2F 3-2: SINGLE (Groundball, 56, EV 81.9 MPH) (infield hit)
|
|
Batting: RHB Jordan Guajardo
|
0-0: Called Strike 0-1: Ball 1-1: Swinging Strike 1-2: Strikes out swinging
|
|
Batting: RHB Andres Valles
|
0-0: Called Strike 0-1: Foul Ball, location: 2F 0-2: Ball Brent Stewart steals 2nd base 1-2: SINGLE (Groundball, 5D, EV 97.5 MPH) Brent Stewart to third Runner from 3rd tries for Home, SAFE, throw by LF to home Andres Valles to second
|
|
Batting: SHB Rich Self
|
0-0: Ball 1-0: Called Strike 1-1: Fly out, F6 (Popup, 6D, EV 45.0 MPH)
|
| Top of the 1st over - 1 run, 2 hits, 0 errors, 1 left on base; Calgary 1 - Colorado 0 |
| BOTTOM OF THE 1ST |
|
Colorado Avalanche batting - Pitching for Calgary Flames : LHP Taylor Sightler
|
|
Pitching: LHP Taylor Sightler
|
|
|
Batting: LHB Robert Watson
|
0-0: Fly out, F8 (Line Drive, 8RD, EV 85.0 MPH)
|
|
Batting: LHB Mark Von Behren
|
0-0: Ball 1-0: Ball 2-0: Ground out 4-3 (Groundball, 34, EV 98.1 MPH)
|
|
Batting: LHB Eric Haffer
|
0-0: Ball 1-0: Ball 2-0: Foul Ball, location: 2F 2-1: Ball 3-1: Swinging Strike 3-2: Foul Ball, location: 2F 3-2: Foul Ball, location: 2F 3-2: SINGLE (Line Drive, 89S, EV 98.1 MPH)
|
|
Batting: RHB Dylan Appeldoorn
|
0-0: Ball 1-0: Called Strike 1-1: Called Strike 1-2: Fly out, F8 (Flyball, 8LM, EV 86.9 MPH)
|
| Bottom of the 1st over - 0 runs, 1 hit, 0 errors, 1 left on base; Calgary 1 - Colorado 0 |
| TOP OF THE 2ND |
|
Calgary Flames batting - Pitching for Colorado Avalanche : RHP Dave Quintero
|
|
Batting: RHB Bobby Light
|
0-0: Ball 1-0: Ball 2-0: Foul Ball, location: 2F 2-1: Ball 3-1: Fly out, F9 (Flyball, 9S, EV 81.3 MPH)
|
|
Batting: LHB Silvio Mulder
|
0-0: Ground out 4-3 (Groundball, 34, EV 85.6 MPH)
|
|
Batting: RHB Glenn Viano
|
0-0: Ball 1-0: Foul Ball, location: 2F 1-1: Ball 2-1: Foul Ball, location: 2F 2-2: Foul Ball, location: 2F 2-2: Ball 3-2: Foul Ball, location: 2F 3-2: Strikes out swinging
|
| Top of the 2nd over - 0 runs, 0 hits, 0 errors, 0 left on base; Calgary 1 - Colorado 0 |
| BOTTOM OF THE 2ND |
|
Colorado Avalanche batting - Pitching for Calgary Flames : LHP Taylor Sightler
|
|
Batting: RHB Ricardo Ortiz
|
0-0: Foul Ball, location: 2F 0-1: Swinging Strike 0-2: Ball 1-2: DOUBLE (Line Drive, 3D, EV 104.4 MPH)
|
|
Batting: RHB Ernesto Munoz
|
0-0: Called Strike 0-1: Foul Ball, location: 2F 0-2: Ball 1-2: Fly out, F7 (Line Drive, 7, EV 92.5 MPH)
|
|
Batting: RHB Kevin Voss
|
0-0: Called Strike 0-1: Ball 1-1: Foul Ball, location: 2F 1-2: Fly out, F5 (Line Drive, 5, EV 73.1 MPH)
|
|
Batting: SHB In-sung Lee
|
0-0: Called Strike 0-1: Foul Ball, location: 2F 0-2: Ball 1-2: Foul Ball, location: 2F 1-2: Ball 2-2: Strikes out swinging
|
| Bottom of the 2nd over - 0 runs, 1 hit, 0 errors, 1 left on base; Calgary 1 - Colorado 0 |
| TOP OF THE 3RD |
|
Calgary Flames batting - Pitching for Colorado Avalanche : RHP Dave Quintero
|
|
Batting: LHB Taylor Sightler
|
0-0: Ball 1-0: Fly out, F8 (Flyball, 8LM, EV 87.5 MPH)
|
|
Batting: RHB Luis Juarez
|
0-0: Ball 1-0: Foul Ball, location: 2F 1-1: Foul Ball, location: 2F 1-2: Foul Ball, location: 2F 1-2: Strikes out swinging
|
|
Batting: RHB Brent Stewart
|
0-0: Ball 1-0: Ground out 1-3 (Groundball, 34S, EV 81.9 MPH)
|
| Top of the 3rd over - 0 runs, 0 hits, 0 errors, 0 left on base; Calgary 1 - Colorado 0 |
| BOTTOM OF THE 3RD |
|
Colorado Avalanche batting - Pitching for Calgary Flames : LHP Taylor Sightler
|
|
Batting: RHB Dave Quintero
|
0-0: Foul Ball, location: 2F 0-1: Called Strike 0-2: Ball 1-2: Strikes out swinging
|
|
Batting: LHB Robert Watson
|
0-0: Ball 1-0: Ball 2-0: Called Strike 2-1: Foul Ball, location: 2F 2-2: Ball 3-2: Base on Balls
|
|
Batting: LHB Mark Von Behren
|
0-0: Fielders Choice at 2nd, 6-4 (Groundball, 6S, EV 84.4 MPH)
|
|
Batting: LHB Eric Haffer
|
0-0: Called Strike 0-1: Swinging Strike 0-2: Ball 1-2: 2-RUN HOME RUN (Flyball, 89XD, EV 111.9 MPH), Distance : 439 ft
|
|
Batting: RHB Dylan Appeldoorn
|
0-0: Called Strike 0-1: Swinging Strike 0-2: Fly out, F8 (Flyball, 8LD, EV 101.3 MPH)
|
| Bottom of the 3rd over - 2 runs, 1 hit, 0 errors, 0 left on base; Calgary 1 - Colorado 2 |
| TOP OF THE 4TH |
|
Calgary Flames batting - Pitching for Colorado Avalanche : RHP Dave Quintero
|
|
Batting: RHB Jordan Guajardo
|
0-0: Called Strike 0-1: Ball 1-1: Ball 2-1: Ball 3-1: SINGLE (Groundball, 4MS, EV 73.8 MPH) (infield hit)
|
|
Batting: RHB Andres Valles
|
0-0: Called Strike 0-1: SINGLE (Flyball, 9S, EV 91.3 MPH) Jordan Guajardo to second
|
|
Batting: SHB Rich Self
|
0-0: Called Strike 0-1: Called Strike 0-2: Ball 1-2: Strikes out swinging
|
|
Batting: RHB Bobby Light
|
0-0: Ball 1-0: Grounds into double play, 5-4-3 (Groundball, 56, EV 90.0 MPH)
|
| Top of the 4th over - 0 runs, 2 hits, 0 errors, 1 left on base; Calgary 1 - Colorado 2 |
| BOTTOM OF THE 4TH |
|
Colorado Avalanche batting - Pitching for Calgary Flames : LHP Taylor Sightler
|
|
Batting: RHB Ricardo Ortiz
|
0-0: Called Strike 0-1: Ball 1-1: Ball 2-1: Ball 3-1: Base on Balls
|
|
Batting: RHB Ernesto Munoz
|
0-0: Ball 1-0: Grounds into double play, 6-4-3 (Groundball, 6, EV 82.5 MPH)
|
|
Batting: RHB Kevin Voss
|
0-0: Ball 1-0: SINGLE (Line Drive, 9S, EV 101.3 MPH)
|
|
Batting: SHB In-sung Lee
|
0-0: Called Strike Kevin Voss steals 2nd base 0-1: Ball 1-1: Ball 2-1: Foul Ball, location: 2F 2-2: Ball 3-2: Strikes out swinging
|
| Bottom of the 4th over - 0 runs, 1 hit, 0 errors, 1 left on base; Calgary 1 - Colorado 2 |
| TOP OF THE 5TH |
|
Calgary Flames batting - Pitching for Colorado Avalanche : RHP Dave Quintero
|
|
Batting: LHB Silvio Mulder
|
0-0: Ball 1-0: Ball 2-0: Foul Ball, location: 2F 2-1: Foul Ball, location: 2F 2-2: Strikes out swinging
|
|
Batting: RHB Glenn Viano
|
0-0: Called Strike 0-1: Foul Ball, location: 2F 0-2: Ball 1-2: DOUBLE (Line Drive, 7LS, EV 96.3 MPH)
|
|
Batting: LHB Taylor Sightler
|
0-0: Called Strike 0-1: Ball 1-1: Foul Ball, location: 2F 1-2: Ground out 4-3 (Groundball, 4, EV 106.9 MPH) Glenn Viano to third
|
|
Batting: RHB Luis Juarez
|
0-0: Swinging Strike 0-1: Ball 1-1: Foul Ball, location: 2F 1-2: Foul Ball, location: 2F 1-2: SINGLE (Groundball, 3D, EV 103.8 MPH) Glenn Viano scores
|
|
Batting: RHB Brent Stewart
|
0-0: Ball 1-0: Foul Ball, location: 2F 1-1: Ball 2-1: Fly out, F8 (Flyball, 8RS, EV 83.8 MPH)
|
| Top of the 5th over - 1 run, 2 hits, 0 errors, 1 left on base; Calgary 2 - Colorado 2 |
| BOTTOM OF THE 5TH |
|
Colorado Avalanche batting - Pitching for Calgary Flames : LHP Taylor Sightler
|
|
Batting: RHB Dave Quintero
|
0-0: Ball 1-0: Ball 2-0: SINGLE (Line Drive, 4D, EV 98.8 MPH)
|
|
Batting: LHB Robert Watson
|
0-0: Called Strike 0-1: Swinging Strike 0-2: Foul Ball, location: 2F 0-2: Ball 1-2: Foul Ball, location: 2F 1-2: Strikes out swinging
|
|
Batting: LHB Mark Von Behren
|
0-0: Called Strike 0-1: Ball 1-1: Fielders Choice at 2nd, 1-6 (Groundball, 34S, EV 85.6 MPH)
|
|
Batting: LHB Eric Haffer
|
0-0: Swinging Strike 0-1: Ball 1-1: Ball 2-1: Ball 3-1: Fly out, F9 (Flyball, 89M, EV 85.0 MPH)
|
| Bottom of the 5th over - 0 runs, 1 hit, 0 errors, 1 left on base; Calgary 2 - Colorado 2 |
| TOP OF THE 6TH |
|
Calgary Flames batting - Pitching for Colorado Avalanche : RHP Dave Quintero
|
|
Batting: RHB Jordan Guajardo
|
0-0: Ball 1-0: Ball 2-0: SINGLE (Line Drive, 34D, EV 103.8 MPH)
|
|
Batting: RHB Andres Valles
|
0-0: Ball Jordan Guajardo steals 2nd, throwing error, E2 Jordan Guajardo to third 1-0: Foul Ball, location: 2F 1-1: Ball 2-1: Ball 3-1: Ground out U3 (Groundball, 3S, EV 78.8 MPH)
|
|
Batting: SHB Rich Self
|
0-0: Ball 1-0: Ball 2-0: Called Strike 2-1: Foul Ball, location: 2F 2-2: Strikes out swinging
|
|
Batting: RHB Bobby Light
|
0-0: Foul Ball, location: 2F 0-1: Ball 1-1: Swinging Strike 1-2: Ball 2-2: Strikes out swinging
|
| Top of the 6th over - 0 runs, 1 hit, 1 error, 1 left on base; Calgary 2 - Colorado 2 |
| BOTTOM OF THE 6TH |
|
Colorado Avalanche batting - Pitching for Calgary Flames : LHP Taylor Sightler
|
|
Pitching: RHP Zach Billings
|
|
|
Now at 2B: John Faison
|
|
|
Batting: RHB Dylan Appeldoorn
|
0-0: Ball 1-0: Swinging Strike 1-1: Foul Ball, location: 2F 1-2: Ground out U3 (Groundball, 3L, EV 88.8 MPH)
|
|
Batting: RHB Ricardo Ortiz
|
0-0: Ball 1-0: SINGLE (Groundball, 56D, EV 97.5 MPH)
|
|
Batting: RHB Ernesto Munoz
|
0-0: Called Strike 0-1: Called Strike Ricardo Ortiz steals 2nd base 0-2: Ball 1-2: Ground out 5-3 (Groundball, 5S, EV 85.0 MPH)
|
|
Batting: RHB Kevin Voss
|
0-0: Ball 1-0: Ball 2-0: Swinging Strike 2-1: Ball 3-1: Called Strike 3-2: Base on Balls
|
|
Batting: SHB In-sung Lee
|
0-0: Foul Ball, location: 2F 0-1: Ball 1-1: Swinging Strike 1-2: Strikes out swinging
|
| Bottom of the 6th over - 0 runs, 1 hit, 0 errors, 2 left on base; Calgary 2 - Colorado 2 |
| TOP OF THE 7TH |
|
Calgary Flames batting - Pitching for Colorado Avalanche : RHP Dave Quintero
|
|
Pitching: RHP Mario Macario
|
|
|
Batting: LHB Silvio Mulder
|
0-0: Called Strike 0-1: Ball 1-1: Foul Ball, location: 2F 1-2: Reached on error, E6 (Popup, 6MD, EV 48.1 MPH)
|
|
Batting: RHB Glenn Viano
|
0-0: Ball 1-0: Bunted foul 1-1: Bunted foul 1-2: Strikes out swinging
|
|
Batting: RHB John Faison
|
0-0: Called Strike 0-1: DOUBLE (Groundball, 5L, EV 94.4 MPH) Silvio Mulder to third
|
|
Batting: RHB Luis Juarez
|
0-0: Ball 1-0: Fly out, F8 (Flyball, 8RS, EV 91.3 MPH)
|
|
Batting: RHB Brent Stewart
|
0-0: Ball 1-0: Swinging Strike 1-1: Called Strike 1-2: Foul Ball, location: 2F 1-2: Fly out, F9 (Flyball, 9D, EV 102.5 MPH)
|
| Top of the 7th over - 0 runs, 1 hit, 1 error, 2 left on base; Calgary 2 - Colorado 2 |
| BOTTOM OF THE 7TH |
|
Colorado Avalanche batting - Pitching for Calgary Flames : RHP Zach Billings
|
|
Pinch Hitting: RHB Jorge Rubio
|
0-0: Ball 1-0: Ball 2-0: Ball 3-0: Called Strike 3-1: Foul Ball, location: 2F 3-2: Foul Ball, location: 2F 3-2: Strikes out swinging
|
|
Batting: LHB Robert Watson
|
0-0: Ball 1-0: Called Strike 1-1: Ball 2-1: SINGLE (Groundball, 4, EV 99.4 MPH) (infield hit)
|
|
Pitching: RHP Mike Hoffman
|
|
|
Batting: LHB Mark Von Behren
|
0-0: Ball Robert Watson steals 2nd base 1-0: Foul Ball, location: 2F 1-1: Ball 2-1: Ground out 6-3 (Groundball, 6M, EV 78.8 MPH) Robert Watson to third
|
|
Batting: LHB Eric Haffer
|
0-0: Ball 1-0: 2-RUN HOME RUN (Flyball, 9D, EV 98.1 MPH), Distance : 393 ft
|
|
Batting: RHB Dylan Appeldoorn
|
0-0: Swinging Strike 0-1: Ball 1-1: Fly out, F7 (Flyball, 78D, EV 83.8 MPH)
|
| Bottom of the 7th over - 2 runs, 2 hits, 0 errors, 0 left on base; Calgary 2 - Colorado 4 |
| TOP OF THE 8TH |
|
Calgary Flames batting - Pitching for Colorado Avalanche : RHP Mario Macario
|
|
Pitching: LHP Chris Walker
|
|
|
Batting: RHB Jordan Guajardo
|
0-0: Ball 1-0: Ball 2-0: Foul Ball, location: 2F 2-1: Hit by Pitch
|
|
Batting: RHB Andres Valles
|
0-0: Ball 1-0: Ball 2-0: Foul Ball, location: 2F 2-1: Ground out 4-3 (Groundball, 34, EV 97.5 MPH) Jordan Guajardo to second
|
|
Batting: SHB Rich Self
|
0-0: Foul Ball, location: 2F 0-1: Ball 1-1: Called Strike 1-2: Ground out 4-3 (Groundball, 4, EV 110.0 MPH) Jordan Guajardo to third
|
|
Pinch Hitting: RHB Victor Frias
|
0-0: Called Strike 0-1: DOUBLE (Line Drive, 78D, EV 107.5 MPH) Jordan Guajardo scores
|
|
Pinch Hitting: SHB Jason Walsh
|
0-0: Called Strike 0-1: Swinging Strike 0-2: Strikes out swinging
|
| Top of the 8th over - 1 run, 1 hit, 0 errors, 1 left on base; Calgary 3 - Colorado 4 |
| BOTTOM OF THE 8TH |
|
Colorado Avalanche batting - Pitching for Calgary Flames : RHP Mike Hoffman
|
|
Pitching: RHP Orlando Moreno
|
|
|
Now at 3B: Victor Frias
|
|
|
Batting: RHB Ricardo Ortiz
|
0-0: Called Strike 0-1: Ball 1-1: Ball 2-1: Ball 3-1: Fly out, F8 (Flyball, 78D, EV 95.0 MPH)
|
|
Batting: RHB Ernesto Munoz
|
0-0: Ball 1-0: Ball 2-0: Ball 3-0: Base on Balls
|
|
Batting: RHB Kevin Voss
|
0-0: Swinging Strike Passed Ball! Ernesto Munoz to second 0-1: Foul Ball, location: 2F 0-2: Foul Ball, location: 2F 0-2: Ball 1-2: Foul Ball, location: 2F 1-2: Ball 2-2: Foul Ball, location: 2F 2-2: Ball 3-2: Intentional Walk
|
|
Batting: SHB In-sung Lee
|
0-0: Ball 1-0: Called Strike 1-1: Fly out, F8 (Flyball, 8LM, EV 87.5 MPH)
|
|
Pinch Hitting: LHB Michael Ohana
|
0-0: Ball 1-0: Ball 2-0: Ball Wild Pitch! Ernesto Munoz to third Kevin Voss to second 3-0: Called Strike 3-1: Base on Balls
|
|
Batting: LHB Robert Watson
|
0-0: DOUBLE (Flyball, 78XD, EV 106.9 MPH) Ernesto Munoz scores Kevin Voss scores Michael Ohana to third
|
|
Batting: LHB Mark Von Behren
|
0-0: Ball 1-0: Foul Ball, location: 2F 1-1: Ground out 6-3 (Groundball, 6M, EV 80.6 MPH)
|
| Bottom of the 8th over - 2 runs, 1 hit, 0 errors, 2 left on base; Calgary 3 - Colorado 6 |
| TOP OF THE 9TH |
|
Calgary Flames batting - Pitching for Colorado Avalanche : LHP Chris Walker
|
|
Pitching: RHP Paul Miley
|
|
|
Now at 1B: Arend Sandstrod
|
|
|
Now at 2B: Frank Grimes
|
|
|
Now in CF: Mike Roberts
|
|
|
Batting: RHB Glenn Viano
|
0-0: Called Strike 0-1: Ball 1-1: Ball 2-1: Foul Ball, location: 2F 2-2: Strikes out swinging
|
|
Batting: RHB John Faison
|
0-0: Fly out, F9 (Flyball, 9S, EV 83.1 MPH)
|
|
Batting: RHB Luis Juarez
|
0-0: Foul Ball, location: 2F 0-1: Ball 1-1: Ball 2-1: Ball 3-1: Foul Ball, location: 2F 3-2: Foul Ball, location: 2F 3-2: Foul Ball, location: 2F 3-2: Foul Ball, location: 2F 3-2: Foul Ball, location: 2F 3-2: Strikes out swinging
|
| Top of the 9th over - 0 runs, 0 hits, 0 errors, 0 left on base; Calgary 3 - Colorado 6 |
|